[Event "3rd Sunway Formentera-A 2024"]
[Site "Formentera"]
[Date "2024.04.13"]
[Round "5.11"]
[White "Lesniewski, Lucas"]
[Black "Botez, Andrea"]
[Result "1-0"]
[ECO "D03"]
[WhiteElo "1975"]
[BlackElo "1879"]
[Annotator "TA"]
[PlyCount "157"]
[EventDate "2024.04.03"]
[EventType "swiss"]
[EventCountry "ESP"]
[SourceTitle "playchess.com"]
[Source "ChessBase"]
[SourceQuality "1"]
[TimeControl "40/5400+30:1800+30"]

1. d4 Nf6 2. Nf3 g6 3. Bg5 Bg7 4. Nbd2 d5 5. e3 O-O 6. Be2 h6 {[%emt 0:06:06] D03: 1 d4 d5 2 Nf3 Nf6 3 Bg5, including Torre Attack with early ...d5.} 7. Bh4 Bf5 8. h3 g5 $146 ({Predecessor:} 8... Nc6 9. c3 a6 10. Bg3 Nh5 11. Bh2 Nf6 12. Ne5 Nxe5 13. dxe5 Nd7 14. f4 f6 {1-0 Steen,H (1731)-Asbury,V (1506) Lansing op 2004 (6)}) 9. Bg3 Nbd7 10. c3 c5 11. O-O cxd4 12. cxd4 Rc8 13. Rc1 Re8 14. Qb3 Qb6 15. Qxb6 Nxb6 16. Bc7 Nc4 17. b3 Rxc7 18. bxc4 Rec8 19. c5 Nd7 20. Nb3 e5 21. Bb5 exd4 22. Nfxd4 Bg6 23. c6 bxc6 24. Ba6 Re8 $2 {[%emt 0:02:54][%mdl 8192] [#]} (24... c5 $1 $11 25. Bxc8 Rxc8) 25. Nxc6 $2 (25. Rxc6 Rxc6 26. Nxc6 Bf6 $14) ({Only move:} 25. Nb5 $1 $18 Rec8 26. Bxc8 (26. Nxc7 Rxc7 $16) 26... Rxc8 27. Nxa7) 25... Ne5 (25... Bb2 $2 26. Ne7+ Rxe7 27. Rxc7 $18) 26. Nxe5 Bxe5 27. Rxc7 Bxc7 28. Rc1 Bb6 29. Rd1 Be4 30. Rd2 Re7 31. Bd3 Kg7 32. Bxe4 dxe4 33. g4 h5 34. Rd5 f6 35. a4 hxg4 36. hxg4 Kg6 37. a5 Bc7 38. Nd4 Be5 39. Nc6 Re6 40. Nxa7 Ra6 41. Nc8 Bc7 42. Rd7 Bxa5 43. Nd6 Bb4 44. Nxe4 f5 45. gxf5+ Kxf5 46. Ng3+ Kg6 47. Kg2 Rf6 48. Rd5 Be7 49. Rb5 Bd8 50. Ne4 Rf5 51. Rb8 Rd5 52. Rc8 Be7 53. Rc6+ Kf5 54. Ng3+ Ke5 55. Rg6 Rd6 56. Rg7 Bf6 57. Rb7 Bd8 58. Kf3 Rd2 59. Rb5+ Ke6 60. Ne4 Rd5 61. Rb8 Kf5 62. Ng3+ Kg6 63. Rc8 Be7 64. Kg4 Rc5 65. Ra8 Rc4+ 66. e4 Rc6 $2 {[#]} (66... Rc2 $16 {was called for.}) 67. Nf5 $2 (67. Rg8+ $1 $18 {is the precise move to win.} Kh7 68. Re8) 67... Bc5 $2 (67... Bf6 $16) 68. Rg8+ $18 Kf7 69. Rg7+ (69. Rxg5 Bxf2 70. Rg7+ Kf8 $11) 69... Kf6 70. f3 (70. Rxg5 Bxf2 71. Rh5 Rc4 $11) 70... Be3 $2 (70... Bb4 71. Rxg5 Rc8) 71. e5+ $18 Kxe5 72. Re7+ Kf6 73. Rxe3 Rc4+ 74. Re4 Rc1 75. Ng3 Rc3 76. Ra4 (76. Re8 $142 Kf7 77. Ne4 (77. Re5 Kg6 $18) 77... Rc1 78. Re5 (78. Nxg5+ Kxe8 79. Kg3 Rg1+ 80. Kf4 Ke7 $11) 78... Kg7 79. Nxg5 (79. Kxg5 Rh1 $18) (79. Rxg5+ Kh6 $18) 79... Rb1 80. f4 Kh6 81. Re6+ Kg7 82. Re7+ Kh6 83. Rh7+ Kg6 84. f5+ Kf6 85. Rf7+ (85. Ne4+ Ke5 $18) 85... Ke5 86. Re7+ (86. Nf3+ Kd6 $18) 86... Kd6 87. f6) 76... Ke5 77. Ra5+ Ke6 78. Rxg5 ({Not} 78. Kxg5 Rxf3 79. Nf5 Rf1 $14) 78... Rc1 79. Ra5 1-0

[Event "3rd Sunway Formentera-A 2024"]
[Site "Formentera"]
[Date "2024.04.13"]
[Round "5.12"]
[White "Tsatsalashvili, Keti"]
[Black "Zubizarreta Landera, Amets"]
[Result "1-0"]
[ECO "E04"]
[WhiteElo "2315"]
[BlackElo "2110"]
[Annotator "RC"]
[PlyCount "103"]
[EventDate "2024.04.03"]
[EventType "swiss"]
[EventCountry "ESP"]
[SourceTitle "playchess.com"]
[Source "ChessBase"]
[SourceQuality "1"]
[TimeControl "40/5400+30:1800+30"]

1. d4 Nf6 2. c4 e6 3. g3 Bb4+ 4. Nd2 d5 5. Bg2 O-O 6. Ngf3 dxc4 7. O-O b5 8. a4 c6 9. Ne1 Nd5 10. Nc2 Be7 11. e4 Nc7 12. Qf3 a5 13. b3 cxb3 14. Nxb3 b4 15. Rd1 Nd7 16. Be3 Qe8 17. Bf4 e5 18. Bxe5 Nxe5 19. dxe5 Ne6 20. Ne3 Nc5 21. Nf5 Nxb3 22. Qxb3 Be6 23. Qe3 c5 24. Bf1 c4 25. Qd4 Rc8 26. Nd6 Qc6 27. Rac1 c3 28. Bb5 Qc5 29. Qxc5 Rxc5 30. Nb7 Rc7 31. Nxa5 c2 32. Rd5 Bxd5 33. exd5 b3 34. Nxb3 Ba3 35. d6 Bxc1 36. dxc7 Bb2 37. Bd7 c1=Q+ 38. Nxc1 Bxc1 39. c8=Q Rxc8 40. Bxc8 Kf8 41. a5 Bb2 42. a6 Bd4 43. Kg2 Ke7 44. f4 Kd8 45. Bb7 Kd7 46. Kf3 f6 47. Ke4 Bg1 48. Kd5 fxe5 49. fxe5 h5 50. e6+ Ke7 51. Bc8 Kd8 52. Kd6 1-0

[Event "3rd Sunway Formentera-A 2024"]
[Site "Formentera"]
[Date "2024.04.15"]
[Round "6.1"]
[White "Pranav, V."]
[Black "Ivanchuk, Vasyl"]
[Result "0-1"]
[ECO "C65"]
[WhiteElo "2604"]
[BlackElo "2611"]
[Annotator "TA"]
[PlyCount "114"]
[EventDate "2024.04.03"]
[EventType "swiss"]
[EventCountry "ESP"]
[SourceTitle "playchess.com"]
[Source "ChessBase"]
[SourceQuality "1"]
[TimeControl "40/5400+30:1800+30"]

1. e4 e5 2. Nf3 Nc6 3. Bb5 Nf6 4. d3 Bc5 5. c3 O-O 6. O-O {[%emt 0:00:11] C65: Ruy Lopez: Berlin Defence (3...Nf6), unusual lines and 4 0-0 Bc5.} Re8 7. d4 Bb6 8. Re1 exd4 9. Bxc6 $146 ({Predecessor:} 9. e5 Ng4 10. Bxc6 dxc3 11. Bd5 Bxf2+ 12. Kf1 cxb2 13. Bxb2 Bxe1 14. Qd4 Nxe5 15. Nxe5 {0-1 Harikrishna,P (2705)-Almasi,Z (2689) Capablanca Memorial Elite 48th 2013 (8)}) 9... dxc6 10. e5 Nd5 11. Nxd4 Qh4 12. h3 Bf5 13. Na3 Rad8 14. Qf3 Bg6 15. Nac2 f6 16. e6 Ne7 17. Bf4 c5 18. Bg3 Qh6 19. Bf4 Qh4 20. Bg3 Qg5 21. Bf4 Qd5 22. Ne3 Qxf3 23. Nxf3 Bd3 24. Rad1 c4 25. b3 g5 (25... cxb3 $17 26. axb3 Ng6) 26. Ng4 gxf4 27. Nxf6+ Kg7 28. Nxe8+ Rxe8 29. Ne5 $2 ({Better is} 29. bxc4 $15 Bxc4 30. Re4) 29... Bc2 $1 $19 30. Rd7 cxb3 31. axb3 Bxb3 32. c4 {[%emt 0:00:07] [#]} a5 $1 (32... Ba4 33. c5 Bxc5 (33... Ba5 $2 34. Ra1 $19) 34. Rxc7) 33. c5 Bxc5 34. Rxc7 Bb4 35. Re2 (35. Rb1 {keeps fighting.} Ba2 (35... Bxe6 $2 36. Rxb7 Bc8 37. Ra7 $19) 36. Rb2) 35... Bd5 (35... Bxe6 36. Rxb7 Kg8 37. Ng4 $17) 36. Rd7 a4 (36... Bxe6 37. Rxb7 Bd5 38. Rd7 $17) 37. Nd3 Bc3 38. Nxf4 Bc6 39. Re3 Bb2 ({But not} 39... Bxd7 $2 40. exd7 Rb8 41. Ne6+ (41. Rxc3 Kf7 $18) (41. Rxe7+ Kf8 $16) 41... Kf6 42. d8=Q (42. d8=B Bb4 $17) (42. d8=R Rxd8 43. Nxd8 Nd5 $18) 42... Rxd8 43. Nxd8 $18) 40. Nd3 {[%emt 0:00:00] [#]} a3 $2 (40... Bf6 $1 $19 41. Rc7 Bd4 42. Rg3+ Kh8 (42... Kf6 $2 43. Rg4 $19)) 41. Nxb2 $17 axb2 42. Rd1 Kf6 43. Rb1 Rg8 44. g4 h5 45. f3 Nd5 46. Rb3 Nf4 47. R1xb2 h4 48. Kh2 (48. e7 $17 {was worth a try.}) 48... Ke7 (48... Nxe6 $19 {And now ...Rd8 would win.} 49. Rd2 Ng5) 49. Re3 (49. Rxb7+ $1 $15 Bxb7 50. Rxb7+ Kxe6 51. Rh7) 49... Ra8 ({Don't play} 49... Nxe6 50. Re5 $17) 50. Reb3 Kxe6 51. Rb4 (51. Re3+ $17 Kf6 52. Reb3) 51... Ke5 52. R4b3 Ra1 53. Rf2 $2 (53. Rb1 Rxb1 54. Rxb1) 53... Rd1 $19 54. Re3+ Kd4 55. Re7 Nd3 56. Rg2 Ne5 57. Rf2 Nxf3+ 0-1

[Event "3rd Sunway Formentera-A 2024"]
[Site "Formentera"]
[Date "2024.04.15"]
[Round "6.2"]
[White "Manish Anto Cristiano F"]
[Black "Moussard, Jules"]
[Result "1/2-1/2"]
[ECO "B00"]
[WhiteElo "2293"]
[BlackElo "2610"]
[Annotator "TA"]
[PlyCount "55"]
[EventDate "2024.04.03"]
[EventType "swiss"]
[EventCountry "ESP"]
[SourceTitle "playchess.com"]
[Source "ChessBase"]
[SourceQuality "1"]
[TimeControl "40/5400+30:1800+30"]

1. e4 Nc6 2. d4 d5 3. e5 Bf5 4. Nf3 e6 5. Be2 f6 6. O-O fxe5 7. dxe5 Bc5 8. Nbd2 Nge7 9. Nb3 Bb6 10. c4 (10. c3 $11) 10... dxc4 $15 11. Bxc4 Nd5 (11... Qxd1 $15 12. Rxd1 Bg4) 12. a4 $11 {[%emt 0:12:52] a5 is the strong threat.} a6 13. Nbd4 $36 {[%emt 0:01:44][%mdl 2048] White is pushing.} Nxd4 14. Nxd4 O-O 15. Be3 c5 16. Nxf5 Rxf5 17. Qb3 {[%emt 0:01:45] Hoping for f4.} Rxe5 18. Rfd1 h6 {[%emt 0:05:35] [#]} (18... a5 $14) 19. a5 $1 $16 Bxa5 20. Qxb7 {[%emt 0:00:07][%cal Oa1a5] aiming for Rxa5!} (20. Bxc5 b5 21. Bxd5 exd5) 20... Bb4 {[%emt 0:05:48] [#]} (20... Rb8 $16 {is a better defense.} 21. Qxa6 Ra8) 21. Rxa6 ({Stronger than} 21. Bxa6 Rb8 22. Qa7 Qf8 $15) (21. Bf4 $1 $18 {[%cal Rf4e5] is more deadly.} Rf5 22. Rxa6 Rxa6 23. Qxa6 Rxf4 24. Qxe6+ Kh8 25. Rxd5 (25. Bxd5 Rf8 $16)) 21... Rxa6 22. Qxa6 ({Resist} 22. Bxa6 Qf8 $14) 22... Qe8 23. Qd6 {[%emt 0:05:45] White is more active.} (23. Bc1 $16) 23... Nxe3 $11 24. fxe3 Rxe3 {[%emt 0:00:24] Black is weak on the light squares. The position is equal.} 25. Qf4 Re1+ 26. Rxe1 Bxe1 27. Qe5 Bb4 28. Qxe6+ {[%emt 0:03:09] Weighted Error Value: White=0.22 (precise) /Black=0.21 (precise) .  Mistake:       	White=3     	Black=3      Inaccurate:     	White=1     	Black=2      OK:         	White=7     	Black=7      Best:        	White=1     	Black=3} 1/2-1/2

[Event "3rd Sunway Formentera-A 2024"]
[Site "Formentera"]
[Date "2024.04.15"]
[Round "6.3"]
[White "Song, Yuxin"]
[Black "Donchenko, Alexander"]
[Result "0-1"]
[ECO "B52"]
[WhiteElo "2379"]
[BlackElo "2633"]
[Annotator "TA"]
[PlyCount "130"]
[EventDate "2024.04.03"]
[EventType "swiss"]
[EventCountry "ESP"]
[SourceTitle "playchess.com"]
[Source "ChessBase"]
[SourceQuality "1"]
[TimeControl "40/5400+30:1800+30"]

1. e4 c5 2. Nf3 d6 3. Bb5+ Bd7 4. Bxd7+ Nxd7 5. O-O e6 6. Qe2 {[%emt 0:00:06] B52: Sicilian: Moscow Variation with 3...Bd7.} Be7 7. d4 cxd4 8. Nxd4 a6 9. c4 Bf6 10. Be3 Ne7 11. Nc3 O-O 12. Rfd1 Rc8 13. Rac1 Qa5 14. a3 $146 ({Predecessor:} 14. Nf3 Qc7 15. c5 dxc5 16. Rxd7 Qxd7 17. e5 Bxe5 18. Nxe5 Qd6 19. Nc4 Qc6 20. Ne5 {½-½ Bernal Varela,N (2388)-Oliveira,M (2442) WZ-ch fin01 email 2018}) 14... Rfd8 15. h3 Ng6 16. Nb3 Qc7 17. Nb1 Nc5 18. Qc2 Qc6 19. Na5 Qxe4 20. b4 Qxc2 21. Rxc2 b6 22. bxc5 dxc5 23. Rxd8+ Rxd8 24. Nd2 bxa5 25. Bxc5 Nf4 26. Ne4 Be5 27. g3 Rd1+ (27... Nxh3+ $2 28. Kg2 $18) 28. Kh2 Nd3 29. Bb6 $1 Ne1 30. Re2 Nf3+ 31. Kg2 Ne1+ 32. Kh2 Nf3+ 33. Kg2 Nd4 (33... Ne1+ 34. Kh2 $11) 34. Nc3 Nxe2 35. Nxd1 a4 36. Kf3 Nd4+ 37. Ke4 Nc6 38. Be3 Bd6 39. c5 Be5 40. Kd3 f5 41. Kc4 Kf7 42. Bd2 h5 43. Bc3 g5 44. Nb2 Bxc3 45. Kxc3 e5 46. Nxa4 Ke6 47. Nb6 e4 48. Kc4 f4 49. gxf4 gxf4 50. Nd5 Ke5 51. Nc3 $1 h4 52. Nd1 Nd4 53. Nc3 Ne6 54. c6 f3 55. Nd1 Kd6 56. Nc3 $2 (56. Ne3 $1 $11 {and White is okay.}) 56... Ke5 $2 (56... Kxc6 57. Nxe4 Kb6 58. Kd3 $11) (56... e3 $1 {[%cal Re3e2] And now ...e2 would win.} 57. fxe3 Ng5 (57... Kxc6 58. Ne4 $15)) 57. Nd1 $19 Kd6 58. Nc3 {[%emt 0:01:55] [#]} e3 $1 (58... Kxc6 59. Nxe4 Kb6 60. Kd3 $11) 59. fxe3 Ng5 $1 (59... Kxc6 60. Ne4 $15) 60. Kd3 Nxh3 (60... Kxc6 $2 61. Nb1 $19) 61. e4 Nf2+ (61... Kxc6 62. Nd1 $17) 62. Ke3 {[%emt 0:00:15] [#]} h3 $1 63. e5+ Kxc6 (63... Kxe5 64. c7 (64. Kxf2 Kd6 $11) 64... h2 65. c8=Q $18 (65. c8=B $2 h1=Q $19)) 64. e6 h2 65. e7 Kd7 (65... h1=R $2 {is the wrong capture.} 66. e8=Q+ (66. e8=R $2 {perishes.} Re1+ 67. Kxf3 Rxe8 $19) 66... Kb7 67. Kxf2 $18) 0-1

[Event "3rd Sunway Formentera-A 2024"]
[Site "Formentera"]
[Date "2024.04.15"]
[Round "6.4"]
[White "Fernandez Guillen, Ernesto J."]
[Black "Dragnev, Valentin"]
[Result "1-0"]
[ECO "C41"]
[WhiteElo "2474"]
[BlackElo "2571"]
[Annotator "TA"]
[PlyCount "83"]
[EventDate "2024.04.03"]
[EventType "swiss"]
[EventCountry "ESP"]
[SourceTitle "playchess.com"]
[Source "ChessBase"]
[SourceQuality "1"]
[TimeControl "40/5400+30:1800+30"]

1. e4 d6 2. d4 Nf6 3. Nc3 e5 4. Nf3 Nbd7 5. Bc4 Be7 6. a4 O-O 7. O-O c6 8. Re1 h6 9. h3 Re8 10. a5 Rb8 11. d5 b5 12. axb6 {[%emt 0:02:52] White has an edge.} Nxb6 13. Bf1 cxd5 14. Nxd5 Nbxd5 15. exd5 Qc7 16. c4 Bf5 17. Re3 Rb7 18. Rea3 Nd7 19. Be3 Ra8 20. Qd2 Qb8 {[%emt 0:04:20] [#]} 21. b4 $1 Rxb4 22. Rxa7 (22. Bxa7 $5 Qb7 $8 23. Be3 Rxa3 24. Rxa3 $14) 22... Rxa7 23. Rxa7 {[%emt 0:00:14] g4 is the strong threat.} Rb7 24. Ra6 Rb1 25. Qa2 $36 {[%emt 0:01:20][%mdl 2048] Black must now prevent Ra8. White is more active.} Bf8 26. Nd2 Re1 (26... Rb2 $11 27. Qa3 Qb4) 27. Qa3 Qd8 28. Kh2 Qe7 29. g3 Nf6 (29... h5 $16) 30. Ra7 $18 Nd7 31. Bg2 e4 32. Qa4 h5 33. Nb3 $2 (33. Nf1 $18) 33... h4 $11 34. Nd4 hxg3+ 35. fxg3 Qf6 36. Bd2 Nc5 (36... Rb1 $11 {remains equal.} 37. Nxf5 Ne5 38. Bxe4 Rb2) 37. Qe8 {[%emt 0:00:24] Really sharp! White is more active.} Rd1 $2 {[%emt 0:00:31] [#]} (37... Bd7 $14 38. Rxd7 Rd1) 38. Bg5 $2 (38. Nxf5 $1 $18 {[%cal Oe8f8][%mdl 512] Threatening mate with Qxf8+!} Qxf5 39. Bg5 Qxg5 (39... Qf2 $2 40. Be3 $18) 40. Rxf7 (40. Bxe4 $2 Nxe4 41. Qxf7+ Kh7 $19)) 38... Qxd4 $4 ({Don't go for} 38... Qg6 $2 39. Qxf8+ Kh7 40. Rxf7 Rxd4 41. Bf6 (41. Rxf5 Nd7 $18) 41... Qxf6 42. Rxf6 $18) (38... Bd7 $14 39. Rxd7 Qxd4 40. Qxf7+ (40. Rxd6 $2 Qg1#) (40. Qxf8+ Kh7 $11) 40... Kh7) 39. Qxf7+ $18 {[%emt 0:00:11] White is clearly winning.} (39. Rxf7 $2 Qg1#) 39... Kh7 40. Qxf5+ (40. Qxf8 $2 Qg1#) 40... Kg8 41. h4 {[%emt 0:04:58] Intending Ra8 and mate.} Nd3 42. Rf7 {[%emt 0:27:39] Weighted Error Value: White=0.28 (precise) /Black=0.36.  Loses game:     	---       	Black=2      Missed win:     	White=2     	---        Mistake:       	---       	Black=3      Inaccurate:     	White=5     	Black=3      OK:         	White=10    	Black=10     Best:        	White=2     	Black=4} (42. Qxe4 $2 {gets mated.} Qg1+ 43. Kh3 Nf2#) 1-0

[Event "3rd Sunway Formentera-A 2024"]
[Site "Formentera"]
[Date "2024.04.15"]
[Round "6.5"]
[White "Mohamed Anees M"]
[Black "Raja Rithvik R"]
[Result "1-0"]
[ECO "B50"]
[WhiteElo "2253"]
[BlackElo "2532"]
[Annotator "TA"]
[PlyCount "77"]
[EventDate "2024.04.03"]
[EventType "swiss"]
[EventCountry "ESP"]
[SourceTitle "playchess.com"]
[Source "ChessBase"]
[SourceQuality "1"]
[TimeControl "40/5400+30:1800+30"]

1. e4 c5 2. Nf3 d6 3. Bc4 Nf6 4. Nc3 e6 5. d4 cxd4 6. Qxd4 Nc6 7. Qd3 Be7 8. Bf4 {[%emt 0:00:00] The position is equal.} O-O 9. O-O-O Ne8 (9... Qa5 $11) 10. h4 Qa5 11. Bb3 {[%emt 0:00:00] White is more active.} b6 12. Kb1 Ba6 13. Qe3 Nf6 14. h5 {[%emt 0:00:00] aiming for h6.} Ng4 15. Qe1 {[%emt 0:00:00][%cal Oh5h6] Black must now prevent h6!} Qc5 16. Bg3 {[%emt 0:00:00][%cal Oc3d5] Threatens to win with Nd5!} b5 17. Ne2 Nce5 ({Black should try} 17... Bc8 $14) 18. Nxe5 $16 Nxe5 19. h6 {[%emt 0:00:00] hxg7 is the strong threat.} g6 20. f4 Ng4 {[%emt 0:03:00] This costs Black the game.} (20... Nc4 $16) 21. f5 gxf5 $2 (21... Bc8 {keeps fighting.} 22. Nd4 exf5) 22. exf5 $18 Qxf5 23. Nd4 Qg6 {[%emt 0:02:44] [#]} 24. Nxe6 $1 fxe6 25. Qxe6+ (25. Bxd6 Bxd6 26. Rxd6 (26. Bxe6+ Kh8 $11) 26... Bc8 $11) (25. Bxe6+ Kh8 $18) 25... Qxe6 26. Bxe6+ Kh8 27. Bxg4 Bb7 28. Rhe1 {[%emt 0:00:00] White is clearly winning.} (28. Bxd6 Bxd6 29. Rxd6 Bxg2 $18) 28... Rg8 (28... Bf6 $142 29. Rxd6 (29. Bxd6 Rfe8 $18) 29... Rg8) 29. Rxe7 Rxg4 30. Rxb7 Rxg3 31. Rxd6 (31. Rxb5 Rxg2 32. c3 (32. Rxd6 $2 Rg1+) 32... Rg6 $18) 31... Rxg2 {[%emt 0:00:03][%mdl 4096] Endgame. [#] ( -> ...Rg1+). KRR-KRR} 32. a4 $1 bxa4 (32... b4 33. Rdd7) 33. Rdd7 $1 Kg8 34. Rxh7 {[%emt 0:00:00][%cal Ob1a2] And now Ka2! would win.} a5 (34... a3 $142 35. Rhg7+ (35. bxa3 a5 $18) (35. Rxa7 a2+ 36. Kxa2 Rxa7+ 37. Rxa7 Rxc2 $18) 35... Rxg7 36. Rxg7+ Kh8) 35. Ka2 Rc8 {[%emt 0:00:28] [#]} 36. c3 $1 Rg1 (36... Rc6 37. Ka3) 37. Rbg7+ Rxg7 38. Rxg7+ Kh8 39. Rg5 {[%emt 0:00:14] Weighted Error Value: White=0.20 (precise) /Black=0.42.  Loses game:     	---       	Black=1      Mistake:       	---       	Black=4      Inaccurate:     	White=2     	Black=2      OK:         	White=11    	Black=11     Best:        	White=2     	Black=1      Brilliant:      	White=2     	---} 1-0

[Event "3rd Sunway Formentera-A 2024"]
[Site "Formentera"]
[Date "2024.04.15"]
[Round "6.6"]
[White "Baklan, Vladimir"]
[Black "Colbow, Collin"]
[Result "1-0"]
[ECO "B45"]
[WhiteElo "2531"]
[BlackElo "2376"]
[Annotator "TA"]
[PlyCount "123"]
[EventDate "2024.04.03"]
[EventType "swiss"]
[EventCountry "ESP"]
[SourceTitle "playchess.com"]
[Source "ChessBase"]
[SourceQuality "1"]
[TimeControl "40/5400+30:1800+30"]

1. e4 c5 2. Nf3 e6 3. d4 cxd4 4. Nxd4 Nc6 5. Nc3 Nf6 6. a3 d6 7. g3 {[%emt 0:00:21] B45: Sicilian Four Knights.} Be7 8. Bg2 O-O 9. O-O Bd7 10. Nb3 Rc8 11. f4 $146 ({Predecessor:} 11. Be3 b6 12. f4 Ne8 13. g4 Nc7 14. Qe2 Bf6 15. Rad1 Bxc3 16. bxc3 Qe7 17. Bc1 {½-½ Bilyavskyy,B (1828)-Tochtrop,L (1880) GER-ch Seniors 18th 2006 (7)}) 11... Na5 12. Nd4 Qb6 13. Kh1 Rc4 14. Nde2 Rcc8 15. Qd3 Rfd8 16. Be3 Qc7 17. Rad1 a6 18. b3 b5 19. Qd4 Rb8 20. h3 Nc6 21. Qd2 b4 (21... a5 $15) 22. axb4 $11 Nxb4 23. g4 d5 24. e5 (24. exd5 Bc6 25. Nd4 Bxd5 (25... Nbxd5 26. Nxc6 Qxc6 27. Bd4 $16) 26. Nxd5 Nfxd5 $17) (24. Bd4 $5) 24... Ne4 $1 25. Nxe4 dxe4 26. Nd4 $1 (26. Bxe4 $2 Bc6 27. Bd4 Bxe4+ $19) 26... Nd5 27. c4 (27. Bxe4 Nc3 28. Qg2 Nxd1 29. Rxd1 a5 $19) 27... Nxe3 28. Qxe3 a5 29. Qxe4 a4 30. bxa4 Bxa4 31. Rc1 Qc5 32. Nc6 Bxc6 33. Qxc6 Qxc6 34. Bxc6 Bc5 35. Rcd1 g6 36. f5 gxf5 37. gxf5 Rxd1 38. Rxd1 exf5 39. Rf1 Rb3 40. Rxf5 Rxh3+ 41. Kg2 Rc3 $1 42. Bd5 Rc2+ (42... Kg7 $1 $11 {keeps the balance.}) 43. Kf1 $16 Rc1+ 44. Ke2 Rc2+ 45. Ke1 (45. Kd3 $16 Rf2 46. Bxf7+ Kf8 47. Rxf2 Bxf2 48. Be6) 45... Kg7 46. Rxf7+ Kg6 47. e6 Bb4+ (47... Rc3 $1 $14) 48. Kf1 $18 Rc1+ 49. Kf2 $1 h5 $2 (49... Kg5 50. Rb7 (50. Rxh7 Bc5+ 51. Ke2 Rc3 $16) 50... Bc5+ 51. Ke2 Rc3) 50. Rb7 $18 ({Less strong is} 50. e7 Re1 $14) 50... Bc5+ 51. Ke2 $1 Rc3 52. Kd2 $1 Re3 {[%emt 0:00:20] [#]} 53. Rb5 $1 Bd4 54. c5 Re5 55. c6 Bb6 56. Kd3 Kf6 {[%emt 0:00:02] [#]} 57. Kc4 $1 (57. Rxb6 Rxd5+ 58. Kc4 Rd1 $11) 57... Bd8 58. Rb8 Ba5 59. Rf8+ Ke7 60. Rf7+ Kd8 61. Rd7+ Kc8 62. e7 1-0

[Event "3rd Sunway Formentera-A 2024"]
[Site "Formentera"]
[Date "2024.04.15"]
[Round "6.7"]
[White "Shimelkov, Vasiliy"]
[Black "Prado, Alexandra"]
[Result "0-1"]
[ECO "A15"]
[WhiteElo "2112"]
[BlackElo "1839"]
[Annotator "NA RC"]
[PlyCount "80"]
[EventDate "2024.04.03"]
[EventType "swiss"]
[EventCountry "ESP"]
[SourceTitle "playchess.com"]
[Source "ChessBase"]
[SourceQuality "1"]
[TimeControl "40/5400+30:1800+30"]

1. Nf3 Nf6 2. c4 g6 3. b3 Bg7 4. Bb2 O-O 5. g3 d6 6. Bg2 e5 7. d3 h6 8. O-O Nc6 9. a3 a5 10. d4 e4 11. Ne1 Re8 12. Nc2 Nh7 13. Nc3 f5 14. Qd2 Bd7 15. b4 Ng5 16. b5 Ne7 17. a4 c6 18. Ba3 Be6 19. Ne3 d5 20. c5 f4 21. gxf4 Nh3+ 22. Bxh3 Bxh3 23. Ng2 Nf5 24. Rfd1 Bxd4 25. e3 Bxg2 26. exd4 Bf3 27. Ne2 Qh4 28. Qe1 Qg4+ 29. Ng3 h5 30. Qf1 Kh8 31. h3 Qh4 32. Kh2 Qxf4 33. Bc1 e3 34. Ra3 h4 35. Bxe3 hxg3+ 36. Kg1 Qh4 37. Bg5 Qh5 38. Rxf3 Qxf3 39. Rd3 gxf2+ 40. Kh2 Qe2 0-1

[Event "3rd Sunway Formentera-A 2024"]
[Site "Formentera"]
[Date "2024.04.15"]
[Round "6.8"]
[White "Mazet, Julien"]
[Black "Schulman, Julia"]
[Result "1-0"]
[ECO "D02"]
[WhiteElo "2031"]
[BlackElo "1732"]
[Annotator "NA RC"]
[PlyCount "103"]
[EventDate "2024.04.03"]
[EventType "swiss"]
[EventCountry "ESP"]
[SourceTitle "playchess.com"]
[Source "ChessBase"]
[SourceQuality "1"]
[TimeControl "40/5400+30:1800+30"]

1. d4 Nf6 2. Nf3 c5 3. c3 e6 4. Bf4 d5 5. e3 Nc6 6. Nbd2 Be7 7. h3 O-O 8. Bd3 h6 9. O-O Re8 10. Ne5 Bf8 11. Qf3 Nxe5 12. dxe5 Nh7 13. Rfd1 f5 14. exf6 Qxf6 15. Qh5 Bd7 16. Nf3 Re7 17. Be5 Be8 18. Bxf6 Bxh5 19. Bxe7 Bxe7 20. g4 Be8 21. Ne5 Bd6 22. f4 Rd8 23. c4 Bxe5 24. Bxh7+ Kxh7 25. fxe5 d4 26. exd4 cxd4 27. Rd2 Bg6 28. Rad1 d3 29. Kf2 Rd4 30. b3 Kg8 31. Kg3 h5 32. Rf1 Kh7 33. Rf4 h4+ 34. Kf3 Rd7 35. Ke3 Kh6 36. Rd4 Rf7 37. Rf2 Rc7 38. Rd6 Re7 39. b4 b6 40. c5 bxc5 41. bxc5 Rb7 42. Rxe6 Rb4 43. c6 Re4+ 44. Kd2 Rc4 45. Rd6 Rc2+ 46. Ke3 Rc5 47. e6 a5 48. Rb2 Re5+ 49. Kd2 Kg5 50. c7 Re2+ 51. Kc3 Re1 52. e7 1-0

[Event "3rd Sunway Formentera-A 2024"]
[Site "Formentera"]
[Date "2024.04.15"]
[Round "6.9"]
[White "Stark, John"]
[Black "Botez, Alexandra"]
[Result "1/2-1/2"]
[ECO "E71"]
[WhiteElo "1954"]
[BlackElo "1970"]
[Annotator "NA RC"]
[PlyCount "121"]
[EventDate "2024.04.03"]
[EventType "swiss"]
[EventCountry "ESP"]
[SourceTitle "playchess.com"]
[Source "ChessBase"]
[SourceQuality "1"]
[TimeControl "40/5400+30:1800+30"]

1. d4 Nf6 2. c4 g6 3. Nc3 Bg7 4. e4 d6 5. h3 O-O 6. Bg5 c5 7. d5 a6 8. a4 Qa5 9. Bd3 e6 10. Nge2 exd5 11. exd5 Re8 12. O-O Nbd7 13. f4 h6 14. Bh4 Nh7 15. Qc2 Ndf8 16. f5 g5 17. Bg3 Be5 18. Ne4 Qc7 19. Bxe5 Rxe5 20. g4 Rb8 21. N2g3 f6 22. Nh5 Qe7 23. Rae1 Bd7 24. a5 b5 25. axb6 Rxb6 26. Qc3 Be8 27. Nhg3 Qb7 28. Nxd6 Rxd6 29. Rxe5 fxe5 30. Qxe5 Rd8 31. Ne4 Qb6 32. Qe7 Bf7 33. Rf2 Re8 34. Qxc5 Qxc5 35. Nxc5 a5 36. Ne6 Nd7 37. Rc2 Nhf6 38. Re2 Rc8 39. Nd4 Nc5 40. Nc6 Re8 41. Rxe8+ Bxe8 42. Bc2 Bxc6 43. dxc6 Na6 44. Kf2 Kf7 45. Ke3 Ke7 46. Kd4 h5 47. gxh5 Nxh5 48. Ke5 Nf6 49. Bd1 Nc7 50. Be2 Nce8 51. c5 Nc7 52. Kd4 Nfd5 53. Ke5 Nf6 54. Bf3 Nb5 55. Bd1 Nc7 56. Be2 Ncd5 57. Ba6 Nb4 58. Bb5 Nbd5 59. Ba6 Nb4 60. Bb5 Nbd5 61. Ba6 1/2-1/2